 Dungeon Crawl Stone Soup version 0.25-a0-294-gea9b1ad378 (webtiles) character file.

Game seed: 11222106986292307718, levelgen mode: deterministic

112 MisterFreud the Sneak (level 4, -1/22 HPs)
             Began as a Felid Wanderer on Dec 17, 2019.
             Slain by a hound (4 damage)
             ... on level 4 of the Dungeon on Dec 18, 2019.
             The game lasted 00:10:45 (4642 turns).

MisterFreud the Sneak (Felid Wanderer)              Turns: 4642, Time: 00:10:46

Health: -1/22      AC:  1    Str:  9    XL:     4   Next: 63%
Magic:  1/6        EV: 19    Int: 12    God:
Gold:   202        SH:  0    Dex: 16    Spells: 1/5 levels left
                                        Lives:  0   Deaths: 1

rFire    . . .     SeeInvis +   (weapon unavailable)
rCold    . . .     Gourm    .   (shield unavailable)
rNeg     . . .     Faith    .   (armour unavailable)
rPois    .         Spirit   .   (helmet unavailable)
rElec    .         Reflect  .   (cloak unavailable)
rCorr    .         Harm     .   (gloves unavailable)
MR       .....                  (boots unavailable)
Stlth    +++.......             (no amulet)
HPRegen  0.07/turn              (no ring)
MPRegen  0.10/turn              (no ring)

@: very slightly contaminated, quick
A: very small, no armour, no weapons or thrown items, stealth, claws 1, fangs 3,
see invisible, carnivore, speed 1, shaggy fur 1, slow metabolism 1, sharp paws
a: no special abilities


You were on level 4 of the Dungeon.
You were full.

You visited 1 branch of the dungeon, and saw 4 of its levels.

You collected 202 gold pieces.

Inventory:

Wands
 o - a wand of disintegration (12)
 q - a wand of clouds (6)
Scrolls
 a - 4 scrolls of teleportation
 g - 5 scrolls of remove curse {unknown}
 h - a scroll of fog {unknown}
 i - 2 scrolls of random uselessness {unknown}
 k - a scroll of blinking {unknown}
 l - 2 scrolls of enchant armour {unknown}
 p - 5 scrolls of identify {unknown}
 r - a scroll of immolation {unknown}
 s - a scroll of magic mapping {unknown}
 t - a scroll of enchant weapon {unknown}
Potions
 b - a potion of flight {unknown}
 c - 2 potions of curing
 e - a potion of degeneration {unknown}
 f - 2 potions of heal wounds {unknown}
 j - 3 potions of lignification {unknown}
 m - a potion of cancellation {unknown}
 n - a potion of ambrosia {unknown}
Comestibles
 d - 8 rations


   Skills:
 - Level 4.0 Fighting
 + Level 4.1 Dodging
 - Level 5.3 Stealth
 - Level 1.0 Spellcasting
 - Level 3.6 Fire Magic


You had one spell level left.
You knew the following spells:

 Your Spells              Type           Power        Failure   Level  Hunger
a - Foxfire               Conj/Fire      #...         14%         1    ##.....
b - Conjure Flame         Conj/Fire      #.......     41%         3    ####...

Your spell library contained the following spells:

 Spells                   Type           Power        Failure   Level  Hunger
 Summon Butterflies       Summ           #.......     30%         1    ##.....
 Inner Flame              Hex/Fire       #.......     41%         3    ####...
 Recall                   Summ/Tloc      N/A          65%         3    ####...
 Sticky Flame             Conj/Fire      #.......     82%         4    #####..
 Fireball                 Conj/Fire      #.........   99%         5    ######.


Dungeon Overview and Level Annotations

Branches:
Dungeon (4/15)
 Temple: D:4-7

Altars:


Innate Abilities, Weirdness & Mutations

You cannot wear armour.
You are incapable of wielding weapons or throwing items.
Your paws allow you to move quietly. (Stealth)
You have sharp claws.
You have razor-sharp teeth.
You have supernaturally acute eyesight. (SInv)
You are carnivorous and can eat meat at any time.
You cover ground quickly.
You are covered in fur. (AC +1)
You have a slow metabolism.
Your sharp claws are effective at attacking unaware monsters.


Message History

Found a leather armour.
Casting: Foxfire (safe; 14% risk of failure)
Confirm with . or Enter, or press ? or * to list all spells.
You miscast Foxfire.
Heat runs through your body. The hound closely misses you.
The hound misses you.
Found a club.
An adder comes into view.
The hound completely misses you.
Found a scroll labeled YQILI XETEZITA.
The adder hisses angrily.
The adder barely misses you. The adder bites you.
* * * LOW HITPOINT WARNING * * *
You see here a club.
The hound bites you.
* * * LOW HITPOINT WARNING * * *
The hound pauses to sniff the ground.
The hound barely misses you. The hound bites you.
You die...

##.....#..#.......#.#..#
##.........#......####.##
#.....).####......# #.##
#.......#.....##...###.##
###...l...# ###.......).
#.......## ........#...
###.#..?## .......##..#
#......h###...#......#.##
###..#.S@....##.........#
#####.#.####...........
###.# #.###...(.. ##
#.#....##.. #.....##..
#......... ##.......#
#####......#
##...........


You could see an iguana, a hound and an adder.

Vanquished Creatures
  A scorpion (D:4)
  Terence (D:3)
  An adder (D:3)
  2 dart slugs (D:1)
  2 leopard geckos
  4 orcs
  5 giant cockroaches
  7 goblins
  10 hobgoblins
  8 jackals
  10 kobolds
  2 quokkas
  A ball python (D:3)
  5 bats
  3 frilled lizards
  A giant cockroach zombie (D:2)
  A quokka skeleton (D:4)
  8 rats
72 creatures vanquished.

Vanquished Creatures (others)
  87 foxfires
87 creatures vanquished.

Grand Total: 159 creatures vanquished

Notes
Turn   | Place    | Note
-------+----------+-------------------------------------------
     0 | D:1      | MisterFreud the Felid Wanderer began the quest for the Orb.
     0 | D:1      | MisterFreud set off with the following items: a potion of
                  | curing, a ration; and the following spells available to
                  | memorise: Foxfire, Summon Butterflies, Conjure Flame, Inner
                  | Flame, Recall, Sticky Flame, Fireball
     0 | D:1      | Reached XP level 1. HP: 9/9 MP: 3/3
    26 | D:1      | Learned a level 1 spell: Foxfire
   158 | D:1      | Reached XP level 2. HP: 11/13 MP: 0/4
   810 | D:1      | Reached XP level 3. HP: 17/17 MP: 5/5
  1959 | D:2      | Learned a level 3 spell: Conjure Flame
  2246 | D:3      | Noticed Terence
  2584 | D:3      | Reached XP level 4. HP: 6/22 MP: 2/6
  2916 | D:3      | Reached skill level 1 in Dodging
  3988 | D:3      | Killed Terence
  4191 | D:3      | Mangled by an orc
  4192 | D:3      | Reached XP level 3. HP: -6/18 MP: 1/5
  4589 | D:4      | Noticed a scorpion
  4610 | D:4      | Killed a scorpion
  4610 | D:4      | Reached XP level 4. HP: 5/22 MP: 1/6
  4642 | D:4      | Slain by a hound

Levels and vault maps discovered:
D:1:      minmay_arrival_up_and_down, layout_rooms, minmay_pentomino_z4
D:2:      layout_basic, first_ration, corexii_leaking_fountain,
          minmay_small_reverse_x
D:3:      layout_basic, uniq_terence
D:4:      layout_cave_pools

Skill      XL: |  1  2  3  4 |
---------------+-------------+-----
Fighting       | 2 3 4 |  4.0
Dodging        | 4 2 |  4.1
Stealth        | |  5.3
Spellcasting   | |  1.0
Fire Magic     | |  3.6

Action                   |  1- 3 |  4- 6 || total
-------------------------+-------+-------++-------
Melee: Unarmed           |   113 |    69 ||   182
       Bite              |    20 |     5 ||    25
 Cast: Foxfire           |    38 |    10 ||    48
       Conjure Flame     |     2 |       ||     2
Evoke: Wand              |       |     2 ||     2
  Use: Scroll            |     1 |       ||     1
       Potion            |       |     1 ||     1
 Stab: Sleeping          |    16 |     8 ||    24
  Eat: Chunk             |    15 |       ||    15
Armor: Skin              |     8 |     3 ||    11
Dodge: Dodged            |    86 |    95 ||   181

Table legend:
 A = Non-vault XP
 B = Vault XP
 C = Vault XP percentage of total XP
 D = Non-vault monster count
 E = Vault monster count
 F = Vault count percentage of total count
                 A         B        C        D         E       F
            +---------+---------+-------+---------+---------+-------
      Total |     200 |      47 |  19.0 |      64 |       8 |  11.1
            +---------+---------+-------+---------+---------+-------
        D:1 |      39 |       4 |   9.3 |      22 |       3 |  12.0
        D:2 |      32 |       7 |  17.9 |      17 |       4 |  19.0
        D:3 |      53 |      36 |  40.4 |      22 |       1 |   4.3
        D:4 |      76 |       0 |   0.0 |       3 |       0 |   0.0
            +---------+---------+-------+---------+---------+-------
